 Dungeon Crawl Stone Soup version 0.31-a0-523-g071a6c1ffa (webtiles) character file.

Game seed: 10742183732824254083

589 oldmanjim the Ruffian (level 7, -4/56 (67) HPs)
             Began as a Troll Shapeshifter on Aug 11, 2023.
             Was a Follower of Trog.
             Slain by a gnoll
             ... wielding a +2 flail of draining
              (10 damage)
             ... on level 5 of the Dungeon.
             The game lasted 00:08:26 (3319 turns).

oldmanjim the Ruffian (Troll Shapeshifter)          Turns: 3319, Time: 00:08:26

HP:   -4/56 (67)    AC:  4    Str: 32    XL:     7   Next: 15%
MP:   6/6           EV:  9    Int:  4    God:    Trog [*.....]
Gold: 129           SH:  0    Dex: 10    Spells: 6/6 levels left

rFire   . .          .
                       - Unarmed
rCold   . . .        (no shield)
rNeg    . . .        a - +0 animal skin
rPois   .            (helmet currently unavailable)
rElec   .            (cloak currently unavailable)
rCorr   .            (gloves unavailable)
SInv    .            (boots unavailable)
Will    .....        (no amulet)
Stlth   +            (no ring)
HPRegen 1.09/turn    q - +6 ring of strength
MPRegen 0.10/turn

%: no passive effects
@: beast-form, heavily drained
A: beast (slay +3), large, unfitting armour, claws 3, regeneration 1, shaggy fur
1, tough skin 1
a: Begin Untransformation, Renounce Religion, Berserk


You were on level 5 of the Dungeon.
You worshipped Trog.
Trog was aware of your devotion.
You were a hulking beast.
You visited 2 branches of the dungeon, and saw 6 of its levels.

You collected 129 gold pieces.

Inventory:

Missiles
 e - 6 large rocks
 k - 36 stones
 n - 13 poisoned darts
Armour
 a - a +0 animal skin (worn)
 h - an orb of guile
Jewellery
 q - a +6 ring of strength (right claw)
Talismans
 c - a beast talisman (active)
 d - a flux talisman
 f - a storm talisman
Wands
 x - a wand of charming (3)
Scrolls
 i - a scroll of noise
 m - a scroll of fear
 o - a scroll of enchant weapon {unknown}
 p - 3 scrolls of blinking
 u - 2 scrolls of vulnerability
 y - a scroll of amnesia {unknown}
Potions
 b - a potion of lignification
 g - a potion of resistance {unknown}
 j - a potion of enlightenment {unknown}
 l - a potion of might {unknown}
 r - a potion of cancellation {unknown}
 s - a potion of berserk rage {unknown}
 t - a potion of haste {unknown}
 v - a potion of heal wounds {unknown}
 w - a potion of attraction {unknown}


   Skills:
 - Level 3.0 Fighting
 - Level 1.5 Dodging
 + Level 5.6 Unarmed Combat
 + Level 5.0 Shapeshifting


You had 6 spell levels left.
You didn't know any spells.
Your spell library contained the following spells:

 Spells                   Type           Power      Damage    Failure   Level
 Necrotise                Necr           0%         1d4       50%         1
 Vampiric Draining        Necr           0%         2d6       86%         3
 Agony                    Necr           0%         N/A       100%        5


Dungeon Overview and Level Annotations

Branches:
Dungeon (5/15)             Temple (1/1) D:4

Altars:
Ashenzari
Cheibriados
Dithmenos
Elyvilon
Fedhas
Gozag
Hepliaklqana
Kikubaaqudgha
Makhleb
Nemelex Xobeh
Qazlal
Ru
Sif Muna
Trog
Uskayaw
Vehumet
Wu Jian
Xom
Yredelemnul
Zin
The Shining One

Annotations:
D:5 2 transporters


Innate Abilities, Weirdness & Mutations

You are a hulking beast.
Your limbs bulge with bestial killing power. (Slay +3)
You are too large for most types of armour.
You have claws for hands.
Your natural rate of healing is unusually fast.
You are covered in fur. (AC +1)
You have tough skin. (AC +1)


Message History

The scorpion completely misses you. The scorpion attacks as you move away!
The scorpion stings you but does no damage.
The scorpion attacks as you move away! The scorpion stings you.
The scorpion stings you. The scorpion attacks as you move away!
The scorpion closely misses you.
You barely miss the scorpion. The scorpion closely misses you.
You mangle the scorpion!!
You kill the scorpion!
Trog accepts your kill.
Your Shapeshifting skill increases to level 5!
The gnoll hits you with a +2 flail of draining!
You feel drained.
You see here a scorpion corpse.
The gnoll attacks as you move away! The gnoll hits you with a +0 whip.
The gnoll attacks as you move away!
The gnoll hits you with a +2 flail of draining.
You feel drained. The gnoll attacks as you move away!
The gnoll hits you with a +2 flail of draining!
You feel drained. The gnoll attacks as you move away!
The gnoll hits you with a +2 flail of draining!
* * * LOW HITPOINT WARNING * * *
You feel drained.
* * * LOW HITPOINT WARNING * * *
The gnoll attacks as you move away! The gnoll barely misses you.
The gnoll attacks as you move away!
The gnoll hits you with a +2 flail of draining!
* * * LOW HITPOINT WARNING * * *
You feel drained. The gnoll attacks as you move away!
The gnoll hits you with a +2 flail of draining.
* * * LOW HITPOINT WARNING * * *
You feel drained.
* * * LOW HITPOINT WARNING * * *
The adder attacks as you move away! The adder bites you but does no damage.
The gnoll attacks as you move away!
The gnoll hits you with a +2 flail of draining!
You die...

#....# ##o# .##### #....# #g.#
......# ### #....# #†## #.....
..# #....# #.## #....####.#
#....#####..# #..<..#.#
#.........#.#
#.......###.........#.#
#.##......#S........#.#
#........hgO..og....#.##
####.........÷.........#
####................#..#
#######......................#
......)....................#.#
#####.[..###......>......#.#
#....# #####........##.#
#....# #........##.# #....#
#........##.###


You could see an ogre, 2 gnolls, an adder and an orc.

Vanquished Creatures
  An ice beast (D:5)
  An ogre (D:5)
  2 scorpions
  An iguana (D:4)
  Robin (D:4)
  7 gnolls
  6 adders
  A shadow imp (D:5)
  2 ufetubi
  3 worms
  2 dart slugs
  An orc (D:3)
  9 ball pythons
  6 bats
  8 endoplasms
  14 goblins
  10 hobgoblins
  14 jackals
  7 kobolds
  3 quokkas
  3 frilled lizards
  2 rats (D:3)
104 creatures vanquished.

Notes
Turn   | Place    | Note
-------+----------+-------------------------------------------
     0 | D:1      | oldmanjim the Troll Shapeshifter began the quest for the
                  | Orb.
     0 | D:1      | Reached XP level 1. HP: 18/18 MP: 0/0
    69 | D:1      | Reached skill level 1 in Fighting
    83 | D:1      | Reached XP level 2. HP: 27/27 MP: 1/1
   286 | D:1      | Reached XP level 3. HP: 33/33 MP: 2/2
   747 | D:2      | Noticed a scorpion
   752 | D:2      | Killed a scorpion
   753 | D:2      | Reached XP level 4. HP: 39/42 MP: 3/3
   848 | D:2      | Identified the +9 rapier "Cycun" {freeze, +Blink rCorr
                  | Int+4}
  1625 | D:2      | Found a faded altar of an unknown god.
  1815 | D:3      | Reached XP level 5. HP: 50/50 MP: 4/4
  1969 | D:3      | Found a hazy altar of Hepliaklqana.
  1969 | D:3      | Found a bloodstained altar of Trog.
  2065 | D:3      | Became a worshipper of Trog the Wrathful
  2327 | D:4      | Noticed Robin
  2359 | D:4      | Killed Robin
  2511 | D:4      | Found a staircase to the Ecumenical Temple.
  2670 | D:4      | Reached * piety under Trog
  2944 | D:4      | Reached XP level 6. HP: 56/59 MP: 5/5
  3012 | Temple   | Entered the Ecumenical Temple
  3025 | D:5      | Entered Level 5 of the Dungeon
  3046 | D:5      | Reached skill level 5 in Unarmed Combat
  3143 | D:5      | Noticed an ice beast
  3150 | D:5      | Killed an ice beast
  3225 | D:5      | Found a transporter.
  3241 | D:5      | Found a transporter.
  3268 | D:5      | Reached XP level 7. HP: 67/67 MP: 6/6
  3305 | D:5      | Reached skill level 5 in Shapeshifting
  3319 | D:5      | Slain by a gnoll

Illustrated notes

Levels and vault maps discovered:
D:1:      orjb1_clovarrival, layout_basic, chequers_hall_statues_wall_a,
          hangedman_feature_mirror
D:2:      layout_loops_corners, shapermc_ecumenical_altar_petra
D:3:      layout_rooms, amethyst_overflow_temple_binary
D:4:      layout_loops_cross, minmay_temple_entry_junction,
          hangedman_decor_riveting, minmay_box_of_dots, uniq_robin
D:5:      gammafunk_wand_slinger, layout_basic, nicolae_houndstooth_variations
Temple:   compressed_dpeg_triangle_lava_temple

Skill      XL: |  1  2  3  4  5  6  7 |
---------------+----------------------+-----
Fighting       | 1 2 3 |  3.0
Unarmed Combat | 4 5 |  5.6
Shapeshifting  | 4 5 |  5.0
Dodging        | |  1.5

Action                     |  1- 3 |  4- 6 |  7- 9 || total
---------------------------+-------+-------+-------++-------
  Melee: Unarmed           |    58 |   149 |     8 ||   215
         Punch             |       |     3 |       ||     3
    Use: Scroll            |       |     4 |       ||     4
   Stab: Sleeping          |       |     2 |       ||     2
 Armour: Animal skin       |    19 |    50 |     3 ||    72
  Dodge: Dodged            |    33 |    70 |     9 ||   112

Table legend: (Time is in decaauts)
 A = Elapsed time spent in this place.
 B = Non-inter-level travel time spent in this place.
 C = Inter-level travel time spent in this place.
 D = Time resting spent in this place.
 E = Time spent auto-exploring this place.
 F = Levels seen in this place.
 G = Mean time per level.
                   A        B        C        D        E       F      G
               +--------+--------+--------+--------+--------+-----+--------+
         Total |   3301 |   3106 |    195 |     18 |   2443 |   6 |  550.2 |
       Dungeon |   3299 |   3105 |    194 |     18 |   2443 |   5 |  659.8 |
        Temple |      1 |      0 |      1 |      0 |      0 |   1 |    1.0 |
               +--------+--------+--------+--------+--------+-----+--------+

Top non-repeatable levels by time:
     D:2: 993 daAuts
     D:4: 753 daAuts
     D:1: 684 daAuts
     D:3: 576 daAuts
     D:5: 290 daAuts
  Temple: 1 daAuts
